Workbook

Sheet SUMMARY
A2: Project ID:
A4: Address:
A6: No. of Floors: | B6: 2
A8: Building GSF | B8: 459
A10: DIVISION NO. | B10: DESCRIPTION | C10: TOTAL DIV. COST | D10: TOTAL DIV. COST (PER SF)
A11: 1000 | B11: Overhead and Preliminaries | C11: ='MATERIAL TAKE-OFF'!L13 -> 51463.08 | D11: =C11/$B$8 -> 112.12
A12: 2000 | B12: Existing Conditions/ Sitework | C12: ='MATERIAL TAKE-OFF'!L37 -> 2683.2836 | D12: =C12/$B$8 -> 5.8459337
A13: 3000 | B13: Concrete | C13: ='MATERIAL TAKE-OFF'!L48 -> 3843.5954 | D13: =C13/$B$8 -> 8.3738463
A14: 4000 | B14: Masonry | C14: ='MATERIAL TAKE-OFF'!L110 -> 158074.86 | D14: =C14/$B$8 -> 344.38967
A15: 5000 | B15: Metal | C15: ='MATERIAL TAKE-OFF'!L129 -> 234366.19 | D15: =C15/$B$8 -> 510.60172
A16: 6000 | B16: Wood, Plastic And Composites | C16: ='MATERIAL TAKE-OFF'!L148 -> 44010.315 | D16: =C16/$B$8 -> 95.883038
A17: 7000 | B17: Thermal And Moisture Protection | C17: ='MATERIAL TAKE-OFF'!L172 -> 33733.344 | D17: =C17/$B$8 -> 73.493124
A18: 8000 | B18: Openings | C18: ='MATERIAL TAKE-OFF'!L233 -> 307136.85 | D18: =C18/$B$8 -> 669.14346
A19: 9000 | B19: Finishes | C19: ='MATERIAL TAKE-OFF'!L319 -> 163707.85 | D19: =C19/$B$8 -> 356.66198
A20: 10000 | B20: Specialities | C20: ='MATERIAL TAKE-OFF'!L332 -> 15966.65 | D20: =C20/$B$8 -> 34.78573
A21: 11000 | B21: Equipmant | C21: ='MATERIAL TAKE-OFF'!L343 -> 14370.65 | D21: =C21/$B$8 -> 31.308606
A22: 12000 | B22: Furnishes | C22: ='MATERIAL TAKE-OFF'!L365 -> 63130.971 | D22: =C22/$B$8 -> 137.54024
A23: 22000 | B23: Plumbing | C23: ='MATERIAL TAKE-OFF'!L399 -> 54999.081 | D23: =C23/$B$8 -> 119.82371
A24: 23000 | B24: HVAC/ Mechanical | C24: ='MATERIAL TAKE-OFF'!L404 -> 20000 | D24: =C24/$B$8 -> 43.572985
A25: 26000 | B25: Electrical | C25: ='MATERIAL TAKE-OFF'!L439 -> 45716.863 | D25: =C25/$B$8 -> 99.601009
A26: 31000 | B26: Excavation | C26: ='MATERIAL TAKE-OFF'!L445 -> 0 | D26: =C26/$B$8 -> 0
A27: 32000 | B27: Exterior Improvements | C27: ='MATERIAL TAKE-OFF'!L498 -> 111640.11 | D27: =C27/$B$8 -> 243.22465
A28: 33000 | B28: Utilities | C28: ='MATERIAL TAKE-OFF'!L503 -> 0 | D28: =C28/$B$8 -> 0
A29: SUBTOTAL CONSTRUCTION COST | C29: =SUM(C11:C28) -> 1324843.7 | D29: =SUM(D11:D28) -> 2886.3697
A31: PROFIT | B31: 0.15 | C31: =$C$29*B31 -> 198726.55 | D31: =$D$29*B31 -> 432.95546
A32: TOTAL PROJECT COST | C32: =C31+C29 -> 1523570.2 | D32: =$D$29*B32 -> 0
A33: GST | B33: 0.1 | C33: =C32*B33 -> 152357.02 | D33: =$D$29*B33 -> 288.63697
A34: TOTAL PROJECT COST INCL. GST | C34: =SUM(C32:C33) -> 1675927.3 | D34: =SUM(D29:D33) -> 3607.9621

Sheet MATERIAL TAKE-OFF
A3: Project: | B3: =SUMMARY!B2 -> 0
A5: Address: | B5: =SUMMARY!B4 -> 0
A7: Scope: | B7: GC
A9: Date: | B9: =TODAY() -> 46072
A10: SR # | B10: REF. SHEET # | C10: DESCRIPTION | D10: QUANTITY | E10: UNIT | F10: LABOR RATE | G10: TOTAL LABOUR COST | H10: MATERIAL RATE | I10: TOTAL MATETRIAL COST | J10: EQUIPMENT RATE | K10: TOTAL EQUIPMENT COSTS | L10: SUB COST | M10: NOTE / REMARKS
B11: 01. OVERHEAD AND PREMLIMINARIES
A12: 1 | C12: Overhead and Preliminaries | D12: 459 | E12: M2 | F12: 21.67 | G12: =D12*F12 -> 9946.53 | H12: 2.91 | I12: =D12*H12 -> 1335.69 | J12: 87.54 | K12: =D12*J12 -> 40180.86 | L12: =IF(D12="","",(G12+I12+K12)) -> 51463.08
A13: =IF(E13=0,"",1+MAX(A12:A12)) | K13: SUBTOTAL | L13: =SUM(L11:L12) -> 51463.08
A14: =IF(E14=0,"",1+MAX(A13:A13))
A15: =IF(E15=0,"",1+MAX(A13:A14)) | B15: 02. EXISTING CONDITIONS/ SITE WORK
A16: =IF(E16=0,"",1+MAX(A13:A15)) | C16: Archi Demolition
A17: =IF(E17=0,"",1+MAX(A11:A16)) -> 2 | B17: ED101 ED103 | C17: Window To Be Removed | D17: 10 | E17: EA | F17: 3.25 | G17: =D17*F17 -> 32.5 | H17: 0 | I17: =D17*H17 -> 0 | J17: 0 | K17: =D17*J17 -> 0 | L17: =IF(D17="","",(G17+I17+K17)) -> 32.5
A18: =IF(E18=0,"",1+MAX(A12:A17)) -> 3 | C18: Door To Be Removed | D18: 15 | E18: EA | F18: 4.75 | G18: =D18*F18 -> 71.25 | H18: 0 | I18: =D18*H18 -> 0 | J18: 0 | K18: =D18*J18 -> 0 | L18: =IF(D18="","",(G18+I18+K18)) -> 71.25
A19: =IF(E19=0,"",1+MAX(A13:A18)) -> 4 | C19: (824mm x 3580mm) Sunshade To Be Removed | D19: 1 | E19: EA | F19: 4.35 | G19: =D19*F19 -> 4.35 | H19: 0 | I19: =D19*H19 -> 0 | J19: 0 | K19: =D19*J19 -> 0 | L19: =IF(D19="","",(G19+I19+K19)) -> 4.35
A20: =IF(E20=0,"",1+MAX(A14:A19)) -> 5 | C20: (790mm x 1750mm) Sunshade To Be Removed | D20: 1 | E20: EA | F20: 4.35 | G20: =D20*F20 -> 4.35 | H20: 0 | I20: =D20*H20 -> 0 | J20: 0 | K20: =D20*J20 -> 0 | L20: =IF(D20="","",(G20+I20+K20)) -> 4.35
A21: =IF(E21=0,"",1+MAX(A15:A20)) -> 6 | C21: (480mm x 2230mm) Sunshade To Be Removed | D21: 1 | E21: EA | F21: 4.35 | G21: =D21*F21 -> 4.35 | H21: 0 | I21: =D21*H21 -> 0 | J21: 0 | K21: =D21*J21 -> 0 | L21: =IF(D21="","",(G21+I21+K21)) -> 4.35
A22: =IF(E22=0,"",1+MAX(A16:A21)) -> 7 | C22: Remove Sunshade | D22: 1 | E22: EA | F22: 4.35 | G22: =D22*F22 -> 4.35 | H22: 0 | I22: =D22*H22 -> 0 | J22: 0 | K22: =D22*J22 -> 0 | L22: =IF(D22="","",(G22+I22+K22)) -> 4.35
A23: =IF(E23=0,"",1+MAX(A17:A22)) -> 8 | C23: Wall To Be Removed (2.34m H) | D23: =2.34*2.47 -> 5.7798 | E23: M2 | F23: 5.23 | G23: =D23*F23 -> 30.228354 | H23: 0 | I23: =D23*H23 -> 0 | J23: 0 | K23: =D23*J23 -> 0 | L23: =IF(D23="","",(G23+I23+K23)) -> 30.228354
A24: =IF(E24=0,"",1+MAX(A18:A23)) -> 9 | C24: Wall To Be Removed (1m H) | D24: =1*3.45 -> 3.45 | E24: M2 | F24: 5.23 | G24: =D24*F24 -> 18.0435 | H24: 0 | I24: =D24*H24 -> 0 | J24: 0 | K24: =D24*J24 -> 0 | L24: =IF(D24="","",(G24+I24+K24)) -> 18.0435
A25: =IF(E25=0,"",1+MAX(A19:A24)) -> 10 | C25: Wall To Be Removed (2.6m H) | D25: =2.6*2.08 -> 5.408 | E25: M2 | F25: 5.23 | G25: =D25*F25 -> 28.28384 | H25: 0 | I25: =D25*H25 -> 0 | J25: 0 | K25: =D25*J25 -> 0 | L25: =IF(D25="","",(G25+I25+K25)) -> 28.28384
A26: =IF(E26=0,"",1+MAX(A20:A25)) -> 11 | C26: Wall To Be Removed (2.8m H) | D26: =2.8*4.04 -> 11.312 | E26: M2 | F26: 5.23 | G26: =D26*F26 -> 59.16176 | H26: 0 | I26: =D26*H26 -> 0 | J26: 0 | K26: =D26*J26 -> 0 | L26: =IF(D26="","",(G26+I26+K26)) -> 59.16176
A27: =IF(E27=0,"",1+MAX(A21:A26)) -> 12 | C27: Wall To Be Removed (2.13m H) | D27: =2.13*0.76 -> 1.6188 | E27: M2 | F27: 5.23 | G27: =D27*F27 -> 8.466324 | H27: 0 | I27: =D27*H27 -> 0 | J27: 0 | K27: =D27*J27 -> 0 | L27: =IF(D27="","",(G27+I27+K27)) -> 8.466324
A28: =IF(E28=0,"",1+MAX(A22:A27)) -> 13 | C28: Wall To Be Removed (3m H) | D28: =3*32.93 -> 98.79 | E28: M2 | F28: 5.23 | G28: =D28*F28 -> 516.6717 | H28: 0 | I28: =D28*H28 -> 0 | J28: 0 | K28: =D28*J28 -> 0 | L28: =IF(D28="","",(G28+I28+K28)) -> 516.6717
A29: =IF(E29=0,"",1+MAX(A23:A28)) -> 14 | C29: Wall Base To Be Removed | D29: 39.52 | E29: M | F29: 5.23 | G29: =D29*F29 -> 206.6896 | H29: 0 | I29: =D29*H29 -> 0 | J29: 0 | K29: =D29*J29 -> 0 | L29: =IF(D29="","",(G29+I29+K29)) -> 206.6896
A30: =IF(E30=0,"",1+MAX(A24:A29)) -> 15 | C30: Stairs To Be Removed Along W/ Framing | D30: 4.36 | E30: M2 | F30: 2.98 | G30: =D30*F30 -> 12.9928 | H30: 0 | I30: =D30*H30 -> 0 | J30: 0 | K30: =D30*J30 -> 0 | L30: =IF(D30="","",(G30+I30+K30)) -> 12.9928
A31: =IF(E31=0,"",1+MAX(A25:A30)) -> 16 | C31: Remove Kitchen Appliances Along W/ Cabinets | D31: 0.74 | E31: M2 | F31: 6.13 | G31: =D31*F31 -> 4.5362 | H31: 0 | I31: =D31*H31 -> 0 | J31: 0 | K31: =D31*J31 -> 0 | L31: =IF(D31="","",(G31+I31+K31)) -> 4.5362
A32: =IF(E32=0,"",1+MAX(A26:A31)) -> 17 | C32: Remove Flooring Along W/ Ceiling | D32: 107.72 | E32: M2 | F32: 7.22 | G32: =D32*F32 -> 777.7384 | H32: 0 | I32: =D32*H32 -> 0 | J32: 0 | K32: =D32*J32 -> 0 | L32: =IF(D32="","",(G32+I32+K32)) -> 777.7384
A33: =IF(E33=0,"",1+MAX(A27:A32)) -> 18 | C33: Remove Roofing Entirely Including Finishes, Framing e.t.c | D33: 35.63 | E33: M2 | F33: 9.32 | G33: =D33*F33 -> 332.0716 | H33: 0 | I33: =D33*H33 -> 0 | J33: 0 | K33: =D33*J33 -> 0 | L33: =IF(D33="","",(G33+I33+K33)) -> 332.0716
A34: =IF(E34=0,"",1+MAX(A28:A33)) | C34: Site Demolition
A35: =IF(E35=0,"",1+MAX(A29:A34)) -> 19 | C35: Remove Conc.Kerb | D35: 20.47 | E35: M | F35: 7.85 | G35: =D35*F35 -> 160.6895 | H35: 0 | I35: =D35*H35 -> 0 | J35: 0 | K35: =D35*J35 -> 0 | L35: =IF(D35="","",(G35+I35+K35)) -> 160.6895
A36: =IF(E36=0,"",1+MAX(A30:A35)) -> 20 | C36: Remove Concrete Driveway | D36: 49.28 | E36: M2 | F36: 8.25 | G36: =D36*F36 -> 406.56 | H36: 0 | I36: =D36*H36 -> 0 | J36: 0 | K36: =D36*J36 -> 0 | L36: =IF(D36="","",(G36+I36+K36)) -> 406.56
A37: =IF(E37=0,"",1+MAX(A34:A36)) | K37: SUBTOTAL | L37: =SUM(L15:L36) -> 2683.2836
A38: =IF(E38=0,"",1+MAX(A35:A37))
A39: =IF(E39=0,"",1+MAX(A36:A38)) | B39: 03. CONCRETE
A40: =IF(E40=0,"",1+MAX(A37:A39)) | C40: Strip Footing
A41: =IF(E41=0,"",1+MAX(A35:A40)) -> 21 | B41: PD102 PD103 | C41: (200mm W x 250mm H) Reinforced Strip Footing | D41: =0.2*0.25*9.54 -> 0.477 | E41: M3 | F41: 26.45 | G41: =D41*F41 -> 12.61665 | H41: 148.32 | I41: =D41*H41 -> 70.74864 | J41: 13.25 | K41: =D41*J41 -> 6.32025 | L41: =IF(D41="","",(G41+I41+K41)) -> 89.68554
A42: =IF(E42=0,"",1+MAX(A36:A41)) -> 22 | C42: Formwork | D42: 4.85 | E42: M2 | F42: 3.23 | G42: =D42*F42 -> 15.6655 | H42: 5.98 | I42: =D42*H42 -> 29.003 | J42: 1.12 | K42: =D42*J42 -> 5.432 | L42: =IF(D42="","",(G42+I42+K42)) -> 50.1005
A43: =IF(E43=0,"",1+MAX(A37:A42)) | C43: Isolated Footing
A44: =IF(E44=0,"",1+MAX(A38:A43)) -> 23 | C44: (200mm SQ x 250mm H) Conc. Footing | D44: =19*0.2*0.2*0.25 -> 0.19 | E44: M3 | F44: 26.45 | G44: =D44*F44 -> 5.0255 | H44: 148.32 | I44: =D44*H44 -> 28.1808 | J44: 13.25 | K44: =D44*J44 -> 2.5175 | L44: =IF(D44="","",(G44+I44+K44)) -> 35.7238
A45: =IF(E45=0,"",1+MAX(A39:A44)) | C45: Slab
A46: =IF(E46=0,"",1+MAX(A40:A45)) -> 24 | C46: (130mm Thick) Conc. Slab W/ Reinforcement. | D46: 44.13 | E46: M2 | F46: 29.05 | G46: =D46*F46 -> 1281.9765 | H46: 42.82 | I46: =D46*H46 -> 1889.6466 | J46: 0.74 | K46: =D46*J46 -> 32.6562 | L46: =IF(D46="","",(G46+I46+K46)) -> 3204.2793
A47: =IF(E47=0,"",1+MAX(A41:A46)) -> 25 | C47: (50mm) Levelling Sand Bed | D47: 44.13 | E47: M2 | F47: 4.44 | G47: =D47*F47 -> 195.9372 | H47: 3.97 | I47: =D47*H47 -> 175.1961 | J47: 2.1 | K47: =D47*J47 -> 92.673 | L47: =IF(D47="","",(G47+I47+K47)) -> 463.8063
A48: =IF(E48=0,"",1+MAX(#REF!)) | K48: SUBTOTAL | L48: =SUM(L39:L47) -> 3843.5954
A49: =IF(E49=0,"",1+MAX(A48:A48))
A50: =IF(E50=0,"",1+MAX(A47:A49)) | B50: 04. MASONRY
A51: =IF(E51=0,"",1+MAX(A48:A50)) | C51: Block Walls
A52: =IF(E52=0,"",1+MAX(A46:A51)) -> 26 | B52: A-201 A-203 A-205 | C52: (190MM x 190MM x 390MM)Thick Block Wall (200MM High) | D52: 4.172 | E52: M2 | F52: 19.2975 | G52: =D52*F52 -> 80.50917 | H52: 41.5 | I52: =D52*H52 -> 173.138 | J52: 0 | K52: =D52*J52 -> 0 | L52: =IF(D52="","",(G52+I52+K52)) -> 253.64717
A53: =IF(E53=0,"",1+MAX(A47:A52)) -> 27 | C53: (190MM x190MM x 390MM) CMu Block | D53: =ROUNDUP(D52/0.0741,0) -> 57 | E53: EA | F53: 0 | G53: =D53*F53 -> 0 | H53: 0 | I53: =D53*H53 -> 0 | J53: 0 | K53: =D53*J53 -> 0 | L53: =IF(D53="","",(G53+I53+K53)) -> 0
A54: =IF(E54=0,"",1+MAX(A48:A53)) -> 28 | C54: Grout | D54: =0.08*D52 -> 0.33376 | E54: M3 | F54: 36.5025 | G54: =D54*F54 -> 12.183074 | H54: 78.5 | I54: =D54*H54 -> 26.20016 | J54: 0 | K54: =D54*J54 -> 0 | L54: =IF(D54="","",(G54+I54+K54)) -> 38.383234
A55: =IF(E55=0,"",1+MAX(A49:A54)) -> 29 | C55: (190 MM x 190MM x 390MM ) Block Wall (800 MM H) Reinforced W/ - N16- 400 Vert. Bars (central) - N12- 400 Horz. Bars (Central) | D55: 42 | E55: M2 | F55: 19.2975 | G55: =D55*F55 -> 810.495 | H55: 41.5 | I55: =D55*H55 -> 1743 | J55: 0 | K55: =D55*J55 -> 0 | L55: =IF(D55="","",(G55+I55+K55)) -> 2553.495
A56: =IF(E56=0,"",1+MAX(A50:A55)) -> 30 | C56: (190MM x 190MM x390MM) CMu Blocks | D56: =ROUND(D55/0.0741,0) -> 567 | E56: EA | F56: 0 | G56: =D56*F56 -> 0 | H56: 0 | I56: =D56*H56 -> 0 | J56: 0 | K56: =D56*J56 -> 0 | L56: =IF(D56="","",(G56+I56+K56)) -> 0
A57: =IF(E57=0,"",1+MAX(A51:A56)) -> 31 | C57: Grout | D57: =0.08*D55 -> 3.36 | E57: M3 | F57: 36.5025 | G57: =D57*F57 -> 122.6484 | H57: 78.5 | I57: =D57*H57 -> 263.76 | J57: 0 | K57: =D57*J57 -> 0 | L57: =IF(D57="","",(G57+I57+K57)) -> 386.4084
A58: =IF(E58=0,"",1+MAX(A52:A57)) -> 32 | C58: (190 MM x 190MM x 390MM ) Block Wall (1000 MM H) Reinforced W/ - N16- 400 Vert. Bars (central) - N12- 400 Horz. Bars (Central) | D58: 31.5 | E58: M2 | F58: 19.2975 | G58: =D58*F58 -> 607.87125 | H58: 41.5 | I58: =D58*H58 -> 1307.25 | J58: 0 | K58: =D58*J58 -> 0 | L58: =IF(D58="","",(G58+I58+K58)) -> 1915.1213
A59: =IF(E59=0,"",1+MAX(A53:A58)) -> 33 | C59: (190MM x 190MM x390MM) CMu Blocks | D59: =ROUND(D58/0.0741,0) -> 425 | E59: EA | F59: 0 | G59: =D59*F59 -> 0 | H59: 0 | I59: =D59*H59 -> 0 | J59: 0 | K59: =D59*J59 -> 0 | L59: =IF(D59="","",(G59+I59+K59)) -> 0
A60: =IF(E60=0,"",1+MAX(A54:A59)) -> 34 | C60: Grout | D60: =0.08*D58 -> 2.52 | E60: M3 | F60: 36.5025 | G60: =D60*F60 -> 91.9863 | H60: 78.5 | I60: =D60*H60 -> 197.82 | J60: 0 | K60: =D60*J60 -> 0 | L60: =IF(D60="","",(G60+I60+K60)) -> 289.8063
A61: =IF(E61=0,"",1+MAX(A55:A60)) -> 35 | C61: (190 MM x 190MM x 390MM ) Block Wall (2200 MM H) Reinforced W/ - N16- 400 Vert. Bars (central) - N12- 400 Horz. Bars (Central) | D61: 52.778 | E61: M2 | F61: 20.2275 | G61: =D61*F61 -> 1067.567 | H61: 43.5 | I61: =D61*H61 -> 2295.843 | J61: 0 | K61: =D61*J61 -> 0 | L61: =IF(D61="","",(G61+I61+K61)) -> 3363.41
A62: =IF(E62=0,"",1+MAX(A56:A61)) -> 36 | C62: (190MM x 190MM x390MM) CMu Blocks | D62: =ROUND(D61/0.0741,0) -> 712 | E62: EA | F62: 0 | G62: =D62*F62 -> 0 | H62: 0 | I62: =D62*H62 -> 0 | J62: 0 | K62: =D62*J62 -> 0 | L62: =IF(D62="","",(G62+I62+K62)) -> 0
A63: =IF(E63=0,"",1+MAX(A57:A62)) -> 37 | C63: Grout | D63: =0.08*D61 -> 4.22224 | E63: M3 | F63: 36.5025 | G63: =D63*F63 -> 154.12232 | H63: 78.5 | I63: =D63*H63 -> 331.44584 | J63: 0 | K63: =D63*J63 -> 0 | L63: =IF(D63="","",(G63+I63+K63)) -> 485.56816
A64: =IF(E64=0,"",1+MAX(A58:A63)) -> 38 | C64: (190MM x 190MM x 390MM) Block Wall (2500MM H) Reinforced w/ - N16-400 Vertical Rebars - N12-400 Horizontal Rebars | D64: 419.85 | E64: M2 | F64: 20.2275 | G64: =D64*F64 -> 8492.5159 | H64: 43.5 | I64: =D64*H64 -> 18263.475 | J64: 0 | K64: =D64*J64 -> 0 | L64: =IF(D64="","",(G64+I64+K64)) -> 26755.991
A65: =IF(E65=0,"",1+MAX(A59:A64)) -> 39 | C65: (190MM x190MM x 390MM) CMu Block | D65: =ROUNDUP(D64/0.0741,0) -> 5666 | E65: EA | F65: 0 | G65: =D65*F65 -> 0 | H65: 0 | I65: =D65*H65 -> 0 | J65: 0 | K65: =D65*J65 -> 0 | L65: =IF(D65="","",(G65+I65+K65)) -> 0
A66: =IF(E66=0,"",1+MAX(A60:A65)) -> 40 | C66: Grout | D66: =0.08*D64 -> 33.588 | E66: M3 | F66: 36.5025 | G66: =D66*F66 -> 1226.046 | H66: 78.5 | I66: =D66*H66 -> 2636.658 | J66: 0 | K66: =D66*J66 -> 0 | L66: =IF(D66="","",(G66+I66+K66)) -> 3862.704
A67: =IF(E67=0,"",1+MAX(A61:A66)) -> 41 | C67: (190 MM x 190MM x 390MM ) Block Wall (2600 MM H) Reinforced W/ - N16- 400 Vert. Bars (central) - N12- 400 Horz. Bars (Central) | D67: 578 | E67: M2 | F67: 20.2275 | G67: =D67*F67 -> 11691.495 | H67: 43.5 | I67: =D67*H67 -> 25143 | J67: 0 | K67: =D67*J67 -> 0 | L67: =IF(D67="","",(G67+I67+K67)) -> 36834.495
A68: =IF(E68=0,"",1+MAX(A62:A67)) -> 42 | C68: (190MM x 190MM x390MM) CMu Blocks | D68: =ROUND(D67/0.0741,0) -> 7800 | E68: EA | F68: 0 | G68: =D68*F68 -> 0 | H68: 0 | I68: =D68*H68 -> 0 | J68: 0 | K68: =D68*J68 -> 0 | L68: =IF(D68="","",(G68+I68+K68)) -> 0
A69: =IF(E69=0,"",1+MAX(A63:A68)) -> 43 | C69: Grout | D69: =0.08*D67 -> 46.24 | E69: M3 | F69: 36.5025 | G69: =D69*F69 -> 1687.8756 | H69: 78.5 | I69: =D69*H69 -> 3629.84 | J69: 0 | K69: =D69*J69 -> 0 | L69: =IF(D69="","",(G69+I69+K69)) -> 5317.7156
A70: =IF(E70=0,"",1+MAX(A64:A69)) -> 44 | C70: (190 MM x 190MM x 390MM ) Block Wall (2700 MM H) Reinforced W/ - N16- 400 Vert. Bars (central) - N12- 400 Horz. Bars (Central) | D70: 45.36 | E70: M2 | F70: 20.2275 | G70: =D70*F70 -> 917.5194 | H70: 43.5 | I70: =D70*H70 -> 1973.16 | J70: 0 | K70: =D70*J70 -> 0 | L70: =IF(D70="","",(G70+I70+K70)) -> 2890.6794
A71: =IF(E71=0,"",1+MAX(A65:A70)) -> 45 | C71: (190MM x 190MM x390MM) CMu Blocks | D71: =ROUND(D70/0.0741,0) -> 612 | E71: EA | F71: 0 | G71: =D71*F71 -> 0 | H71: 0 | I71: =D71*H71 -> 0 | J71: 0 | K71: =D71*J71 -> 0 | L71: =IF(D71="","",(G71+I71+K71)) -> 0
A72: =IF(E72=0,"",1+MAX(A66:A71)) -> 46 | C72: Grout | D72: =0.08*D70 -> 3.6288 | E72: M3 | F72: 36.5025 | G72: =D72*F72 -> 132.46027 | H72: 78.5 | I72: =D72*H72 -> 284.8608 | J72: 0 | K72: =D72*J72 -> 0 | L72: =IF(D72="","",(G72+I72+K72)) -> 417.32107
A73: =IF(E73=0,"",1+MAX(A67:A72)) -> 47 | C73: (190 MM x 190MM x 390MM ) Block Wall (2800 MM H) Reinforced W/ - N16- 400 Vert. Bars (central) - N12- 400 Horz. Bars (Central) | D73: 4.424 | E73: M2 | F73: 20.2275 | G73: =D73*F73 -> 89.48646 | H73: 43.5 | I73: =D73*H73 -> 192.444 | J73: 0 | K73: =D73*J73 -> 0 | L73: =IF(D73="","",(G73+I73+K73)) -> 281.93046
A74: =IF(E74=0,"",1+MAX(A68:A73)) -> 48 | C74: (190MM x 190MM x390MM) CMu Blocks | D74: =ROUND(D73/0.0741,0) -> 60 | E74: EA | F74: 0 | G74: =D74*F74 -> 0 | H74: 0 | I74: =D74*H74 -> 0 | J74: 0 | K74: =D74*J74 -> 0 | L74: =IF(D74="","",(G74+I74+K74)) -> 0
A75: =IF(E75=0,"",1+MAX(A69:A74)) -> 49 | C75: Grout | D75: =0.08*D73 -> 0.35392 | E75: M3 | F75: 36.5025 | G75: =D75*F75 -> 12.918965 | H75: 78.5 | I75: =D75*H75 -> 27.78272 | J75: 0 | K75: =D75*J75 -> 0 | L75: =IF(D75="","",(G75+I75+K75)) -> 40.701685
A76: =IF(E76=0,"",1+MAX(A70:A75)) -> 50 | C76: (190 MM x 190MM x 390MM ) Block Wall (3100 MM H) Reinforced W/ - N16- 400 Vert. Bars (central) - N12- 400 Horz. Bars (Central) | D76: 37.789 | E76: M2 | F76: 20.2275 | G76: =D76*F76 -> 764.377 | H76: 43.5 | I76: =D76*H76 -> 1643.8215 | J76: 0 | K76: =D76*J76 -> 0 | L76: =IF(D76="","",(G76+I76+K76)) -> 2408.1985
A77: =IF(E77=0,"",1+MAX(A71:A76)) -> 51 | C77: (190MM x 190MM x390MM) CMu Blocks | D77: =ROUND(D76/0.0741,0) -> 510 | E77: EA | F77: 0 | G77: =D77*F77 -> 0 | H77: 0 | I77: =D77*H77 -> 0 | J77: 0 | K77: =D77*J77 -> 0 | L77: =IF(D77="","",(G77+I77+K77)) -> 0
A78: =IF(E78=0,"",1+MAX(A72:A77)) -> 52 | C78: Grout | D78: =0.08*D76 -> 3.02312 | E78: M3 | F78: 36.5025 | G78: =D78*F78 -> 110.35144 | H78: 78.5 | I78: =D78*H78 -> 237.31492 | J78: 0 | K78: =D78*J78 -> 0 | L78: =IF(D78="","",(G78+I78+K78)) -> 347.66636
A79: =IF(E79=0,"",1+MAX(A73:A78)) -> 53 | C79: (190 MM x 190MM x 390MM ) Block Wall (3200 MM H) Reinforced W/ - N16- 400 Vert. Bars (central) - N12- 400 Horz. Bars (Central) | D79: 99.456 | E79: M2 | F79: 20.2275 | G79: =D79*F79 -> 2011.7462 | H79: 43.5 | I79: =D79*H79 -> 4326.336 | J79: 0 | K79: =D79*J79 -> 0 | L79: =IF(D79="","",(G79+I79+K79)) -> 6338.0822
A80: =IF(E80=0,"",1+MAX(A74:A79)) -> 54 | C80: (190MM x 190MM x390MM) CMu Blocks | D80: =ROUND(D79/0.0741,0) -> 1342 | E80: EA | F80: 0 | G80: =D80*F80 -> 0 | H80: 0 | I80: =D80*H80 -> 0 | J80: 0 | K80: =D80*J80 -> 0 | L80: =IF(D80="","",(G80+I80+K80)) -> 0
A81: =IF(E81=0,"",1+MAX(A75:A80)) -> 55 | C81: Grout | D81: =0.08*D79 -> 7.95648 | E81: M3 | F81: 36.5025 | G81: =D81*F81 -> 290.43141 | H81: 78.5 | I81: =D81*H81 -> 624.58368 | J81: 0 | K81: =D81*J81 -> 0 | L81: =IF(D81="","",(G81+I81+K81)) -> 915.01509
A82: =IF(E82=0,"",1+MAX(A76:A81)) -> 56 | C82: (190 MM x 190MM x 390MM ) Block Wall (3400 MM H) Reinforced W/ - N16- 400 Vert. Bars (central) - N12- 400 Horz. Bars (Central) | D82: 47.94 | E82: M2 | F82: 20.2275 | G82: =D82*F82 -> 969.70635 | H82: 43.5 | I82: =D82*H82 -> 2085.39 | J82: 0 | K82: =D82*J82 -> 0 | L82: =IF(D82="","",(G82+I82+K82)) -> 3055.0963
A83: =IF(E83=0,"",1+MAX(A77:A82)) -> 57 | C83: (190MM x 190MM x390MM) CMu Blocks | D83: =ROUND(D82/0.0741,0) -> 647 | E83: EA | F83: 0 | G83: =D83*F83 -> 0 | H83: 0 | I83: =D83*H83 -> 0 | J83: 0 | K83: =D83*J83 -> 0 | L83: =IF(D83="","",(G83+I83+K83)) -> 0
A84: =IF(E84=0,"",1+MAX(A78:A83)) -> 58 | C84: Grout | D84: =0.08*D82 -> 3.8352 | E84: M3 | F84: 36.5025 | G84: =D84*F84 -> 139.99439 | H84: 78.5 | I84: =D84*H84 -> 301.0632 | J84: 0 | K84: =D84*J84 -> 0 | L84: =IF(D84="","",(G84+I84+K84)) -> 441.05759
A85: =IF(E85=0,"",1+MAX(A79:A84)) -> 59 | C85: (190 MM x 190MM x 390MM ) Block Wall (3500 MM H) Reinforced W/ - N16- 400 Vert. Bars (central) - N12- 400 Horz. Bars (Central) | D85: 32.76 | E85: M2 | F85: 20.2275 | G85: =D85*F85 -> 662.6529 | H85: 43.5 | I85: =D85*H85 -> 1425.06 | J85: 0 | K85: =D85*J85 -> 0 | L85: =IF(D85="","",(G85+I85+K85)) -> 2087.7129
A86: =IF(E86=0,"",1+MAX(A80:A85)) -> 60 | C86: (190MM x 190MM x390MM) CMu Blocks | D86: =ROUND(D85/0.0741,0) -> 442 | E86: EA | F86: 0 | G86: =D86*F86 -> 0 | H86: 0 | I86: =D86*H86 -> 0 | J86: 0 | K86: =D86*J86 -> 0 | L86: =IF(D86="","",(G86+I86+K86)) -> 0
A87: =IF(E87=0,"",1+MAX(A81:A86)) -> 61 | C87: Grout | D87: =0.08*D85 -> 2.6208 | E87: M3 | F87: 36.5025 | G87: =D87*F87 -> 95.665752 | H87: 78.5 | I87: =D87*H87 -> 205.7328 | J87: 0 | K87: =D87*J87 -> 0 | L87: =IF(D87="","",(G87+I87+K87)) -> 301.39855
A88: =IF(E88=0,"",1+MAX(A82:A87)) -> 62 | C88: (190 MM x 190MM x 390MM ) Block Wall (3600 MM H) Reinforced W/ - N16- 400 Vert. Bars (central) - N12- 400 Horz. Bars (Central) | D88: 25.128 | E88: M2 | F88: 20.2275 | G88: =D88*F88 -> 508.27662 | H88: 43.5 | I88: =D88*H88 -> 1093.068 | J88: 0 | K88: =D88*J88 -> 0 | L88: =IF(D88="","",(G88+I88+K88)) -> 1601.3446
A89: =IF(E89=0,"",1+MAX(A83:A88)) -> 63 | C89: (190MM x 190MM x390MM) CMu Blocks | D89: =ROUND(D88/0.0741,0) -> 339 | E89: EA | F89: 0 | G89: =D89*F89 -> 0 | H89: 0 | I89: =D89*H89 -> 0 | J89: 0 | K89: =D89*J89 -> 0 | L89: =IF(D89="","",(G89+I89+K89)) -> 0
A90: =IF(E90=0,"",1+MAX(A84:A89)) -> 64 | C90: Grout | D90: =0.08*D88 -> 2.01024 | E90: M3 | F90: 36.5025 | G90: =D90*F90 -> 73.378786 | H90: 78.5 | I90: =D90*H90 -> 157.80384 | J90: 0 | K90: =D90*J90 -> 0 | L90: =IF(D90="","",(G90+I90+K90)) -> 231.18263
A91: =IF(E91=0,"",1+MAX(A85:A90)) -> 65 | C91: (190 MM x 190MM x 390MM ) Block Wall (2000 MM H) Reinforced W/ - N16- 400 Vert. Bars (central) - N12- 400 Horz. Bars (Central) | D91: 39.54 | E91: M2 | F91: 20.2275 | G91: =D91*F91 -> 799.79535 | H91: 43.5 | I91: =D91*H91 -> 1719.99 | J91: 0 | K91: =D91*J91 -> 0 | L91: =IF(D91="","",(G91+I91+K91)) -> 2519.7854
A92: =IF(E92=0,"",1+MAX(A86:A91)) -> 66 | C92: (190MM x 190MM x390MM) CMu Blocks | D92: =ROUND(D91/0.0741,0) -> 534 | E92: EA | F92: 0 | G92: =D92*F92 -> 0 | H92: 0 | I92: =D92*H92 -> 0 | J92: 0 | K92: =D92*J92 -> 0 | L92: =IF(D92="","",(G92+I92+K92)) -> 0
A93: =IF(E93=0,"",1+MAX(A87:A92)) -> 67 | C93: Grout | D93: =0.08*D91 -> 3.1632 | E93: M3 | F93: 36.5025 | G93: =D93*F93 -> 115.46471 | H93: 78.5 | I93: =D93*H93 -> 248.3112 | J93: 0 | K93: =D93*J93 -> 0 | L93: =IF(D93="","",(G93+I93+K93)) -> 363.77591
A94: =IF(E94=0,"",1+MAX(A88:A93)) | C94: Retaining Wall
A95: =IF(E95=0,"",1+MAX(A89:A94)) -> 68 | C95: RW1: Retaining Wall (600MM H) 190 Block Height W/ N12-400 C/C Horz. & N12-400 C/C/ Vert. Bar | D95: 3.594 | E95: M2 | F95: 19.7625 | G95: =D95*F95 -> 71.026425 | H95: 42.5 | I95: =D95*H95 -> 152.745 | J95: 0 | K95: =D95*J95 -> 0 | L95: =IF(D95="","",(G95+I95+K95)) -> 223.77142
A96: =IF(E96=0,"",1+MAX(A90:A95)) -> 69 | C96: (190MM x 190MM x390MM) CMu Blocks | D96: =ROUND(D95/0.0741,0) -> 49 | E96: EA | F96: 0 | G96: =D96*F96 -> 0 | H96: 0 | I96: =D96*H96 -> 0 | J96: 0 | K96: =D96*J96 -> 0 | L96: =IF(D96="","",(G96+I96+K96)) -> 0
A97: =IF(E97=0,"",1+MAX(A91:A96)) -> 70 | C97: Grout | D97: =0.08*D95 -> 0.28752 | E97: M3 | F97: 36.5025 | G97: =D97*F97 -> 10.495199 | H97: 78.5 | I97: =D97*H97 -> 22.57032 | J97: 0 | K97: =D97*J97 -> 0 | L97: =IF(D97="","",(G97+I97+K97)) -> 33.065519
A98: =IF(E98=0,"",1+MAX(A92:A97)) | C98: Lintels
A99: =IF(E99=0,"",1+MAX(A93:A98)) -> 71 | C99: 190x400 Block Lintel Reinforce W/ - 2N16 Cont. Rebar In Each Course With W8-200 Ties | D99: 132 | E99: M | F99: 21.6225 | G99: =D99*F99 -> 2854.17 | H99: 46.5 | I99: =D99*H99 -> 6138 | J99: 0 | K99: =D99*J99 -> 0 | L99: =IF(D99="","",(G99+I99+K99)) -> 8992.17
A100: =IF(E100=0,"",1+MAX(A94:A99)) -> 72 | C100: (190MM x 190MM x390MM) CMu Blocks | D100: =ROUNDUP(132*0.4/ (0.19*0.39),0) -> 713 | E100: EA | F100: 0 | G100: =D100*F100 -> 0 | H100: 0 | I100: =D100*H100 -> 0 | J100: 0 | K100: =D100*J100 -> 0 | L100: =IF(D100="","",(G100+I100+K100)) -> 0
A101: =IF(E101=0,"",1+MAX(A95:A100)) -> 73 | C101: Grout | D101: =0.08*52.8 -> 4.224 | E101: M3 | F101: 36.5025 | G101: =D101*F101 -> 154.18656 | H101: 78.5 | I101: =D101*H101 -> 331.584 | J101: 0 | K101: =D101*J101 -> 0 | L101: =IF(D101="","",(G101+I101+K101)) -> 485.77056
A102: =IF(E102=0,"",1+MAX(A96:A101)) -> 74 | C102: Brick Lintel (5 M) 90x90x6 Angle Section | D102: =8.2*5 -> 41 | E102: KG | F102: 3.4875 | G102: =D102*F102 -> 142.9875 | H102: 7.5 | I102: =D102*H102 -> 307.5 | J102: 0 | K102: =D102*J102 -> 0 | L102: =IF(D102="","",(G102+I102+K102)) -> 450.4875
A103: =IF(E103=0,"",1+MAX(A97:A102)) | C103: Bond Beam
A104: =IF(E104=0,"",1+MAX(A98:A103)) -> 75 | C104: (190MM x 190MM x 390MM) Bond BeaM Reinforced w/ - N16 Cont. Rebar | D104: =358.79+258 -> 616.79 | E104: M | F104: 20.2275 | G104: =D104*F104 -> 12476.12 | H104: 43.5 | I104: =D104*H104 -> 26830.365 | J104: 0 | K104: =D104*J104 -> 0 | L104: =IF(D104="","",(G104+I104+K104)) -> 39306.485
A105: =IF(E105=0,"",1+MAX(A99:A104)) -> 76 | C105: (190MM x190MM x 390MM) CMu Block | D105: =ROUND(D104/0.39,0) -> 1582 | E105: EA | F105: 0 | G105: =D105*F105 -> 0 | H105: 0 | I105: =D105*H105 -> 0 | J105: 0 | K105: =D105*J105 -> 0 | L105: =IF(D105="","",(G105+I105+K105)) -> 0
...
